 Dungeon Crawl Stone Soup version 0.30-a0-585-g93115170b9 (webtiles) character file.

Game seed: 9567731332346360599

2837 cforsyth the Grappler (level 9, 0/84 HPs)
             Began as a Ghoul Monk on Jan 1, 2023.
             Was a Follower of Ru.
             Slain by an acid dragon (10 damage)
             ... on level 8 of the Dungeon.
             The game lasted 00:10:41 (6383 turns).

cforsyth the Grappler (Ghoul Monk)                  Turns: 6383, Time: 00:10:41

Health: 0/84       AC:  6    Str: 21    XL:     9   Next: 74%
Magic:  8/8        EV: 10    Int:  5    God:    Ru [*.....]
Gold:   371        SH:  0    Dex: 11    Spells: 8/8 levels left

rFire   . . .      SeeInvis .      - Unarmed
rCold   + . .      Faith    .    (no shield)
rNeg    + + +      Spirit   .    p - +2 scale mail of Sloth {Str+2 Slay+2}
rPois   ∞          Reflect  .    (no helmet)
rElec   .          Harm     .    (no cloak)
rCorr   .          Rampage  .    (no gloves)
Will    .....                    g - +1 pair of boots Stlth
                                 (no amulet)
HPRegen 0.00/turn                (no ring)
MPRegen 0.11/turn                (no ring)

@: corroded, inhibited regen
A: claws 1, cold resistance 1, negative energy resistance 3, inhibited
regeneration, torment resistance 2, unskilled 1, devour on kill
a: Renounce Religion


You were on level 8 of the Dungeon.
You worshipped Ru.
Ru was aware of your devotion.
You visited 2 branches of the dungeon, and saw 9 of its levels.

You collected 563 gold pieces.
You spent 192 gold pieces at shops.

Inventory:

Armour
 g - a +1 pair of boots (worn)
 k - a +2 scale mail of fire resistance
 p - the +2 scale mail of Sloth (worn) {Str+2 Slay+2}
   (You found it on level 4 of the Dungeon)

   Str:       It affects your strength (+2).
   Slay:      It affects your accuracy & damage with ranged weapons and melee
   (+2).
Jewellery
 j - a ring of fire
 t - a ring of flight
Wands
 u - a wand of paralysis (17)
 x - a wand of roots (6)
Scrolls
 a - a scroll of amnesia {unknown}
 c - a scroll of torment {unknown}
 f - a scroll of poison {unknown}
 i - 3 scrolls of noise
 m - 3 scrolls of teleportation
 o - a scroll of fear
 q - a scroll of immolation
 s - 2 scrolls of magic mapping
 y - a scroll of blinking
Potions
 b - a potion of ambrosia
 d - 5 potions of haste
 h - a potion of heal wounds
 l - 3 potions of brilliance
 n - 2 potions of cancellation
 r - a potion of invisibility
 v - a potion of might
 w - a potion of flight {unknown}
 z - a potion of degeneration {unknown}


   Skills:
 + Level 9.5 Fighting
 + Level 2.5 Armour
 - Level 2.4 Dodging
 - Level 2.0 Stealth
 + Level 9.5 Unarmed Combat


You had 8 spell levels left.
You didn't know any spells.
Your spell library contained the following spells:

 Spells                   Type           Power      Damage    Failure   Level
 Magic Dart               Conj           0%         1d3       82%         1
 Sandblast                Erth           0%         2d4       82%         1
 Slow                     Hex            0%         N/A       82%         1
 Call Imp                 Summ           0%         N/A       91%         2
 Passwall                 Tmut/Erth      0%         N/A       91%         2
 Scorch                   Fire           0%         2d5       91%         2
 Confusing Touch          Hex            0%         N/A       99%         3
 Ignite Poison            Fire/Tmut/Pois 0%         N/A       99%         3
 Kindle Blastsparks       Fire/Tloc/Air  0%         2d10      99%         3
 Mephitic Cloud           Conj/Pois/Air  0%         N/A       99%         3
 Stone Arrow              Conj/Erth      0%         3d7       99%         3
 Summon Guardian Golem    Hex/Summ       0%         N/A       99%         3
 Vampiric Draining        Necr           0%         2d6       99%         3
 Flame Wave               Conj/Fire      0%         2d4       100%        4
 Freezing Cloud           Conj/Ice/Air   0%         6-21      100%        5
 Summon Cactus Giant      Summ           0%         N/A       100%        6
 Orb of Destruction       Conj           0%         9d5       100%        7
 Spellforged Servitor     Conj/Summ      0%         N/A       100%        7


Dungeon Overview and Level Annotations

Branches:
Dungeon (8/15)             Temple (1/1) D:6
   Lair: D:8-11

Altars:
Ashenzari
Fedhas
Gozag
Hepliaklqana
Kikubaaqudgha
Makhleb
Qazlal
Ru
Sif Muna
Uskayaw
Xom

Shops:
D:8 ?


Innate Abilities, Weirdness & Mutations

You are immune to poison.
You have sharp fingernails.
Your flesh is cold resistant. (rC+)
You are immune to negative energy. (rN+++)
You do not regenerate when monsters are visible.
You are immune to unholy pain and torment.
You are somewhat unskilled. (-1 Apt)
You thrive by killing the living.


Message History

An acid dragon is nearby!
The acid dragon bites you!
The acid dragon claws you but does no damage.
You mangle the acid dragon!!
The acid dragon is severely wounded.
You barely miss the acid dragon. Your claw misses the acid dragon.
The acid dragon is severely wounded.
The acid dragon spits acid at you. The splash of acid hits you!
You are too injured to fight recklessly!
You are too injured to fight recklessly!
You are too injured to fight recklessly!
You closely miss the acid dragon.
The acid dragon is severely wounded.
The acid dragon closely misses you. The acid dragon barely misses you.
You barely miss the acid dragon.
The acid dragon is severely wounded.
The acid dragon closely misses you. The acid dragon barely misses you.
You barely miss the acid dragon.
The acid dragon is severely wounded.
The acid dragon barely misses you.
The acid dragon claws you but does no damage.
You scratch the acid dragon. Your claw misses the acid dragon.
The acid dragon is severely wounded.
The acid dragon bites you. The acid dragon barely misses you.
You closely miss the acid dragon.
The acid dragon is severely wounded.
The acid dragon bites you. The acid dragon closely misses you.
You barely miss the acid dragon.
The acid dragon is severely wounded.
You scratch the acid dragon.
The acid dragon is almost dead.
The acid dragon spits acid at you. The splash of acid hits you!!
* * * LOW HITPOINT WARNING * * *
The acid corrodes you!
You closely miss the acid dragon.
The acid dragon is almost dead.
The acid dragon bites you!
You die...

... #.#.###..
#........ #.#..##..
##.#..##.# ..#..##.#
#...# #. #.##(# #...#
#D##.##.# #...#
#.@.....## #...#
#...........# #...#
#####.#.#...#####...##
.....#.#.........))
###.##....######...)
#.##.#..######..##
#.##.#..........#.
#.............)...
###.......####..##


You could see an acid dragon (catching breath).

Vanquished Creatures
  2 hornets (D:7)
  A vampire (D:6)
  A steam dragon (D:7)
  3 water moccasins
  An orc warrior (D:7)
  2 black bears (D:6)
  2 ogres (D:5)
  3 phantoms
  Blork the orc (D:5)
  A kobold brigand (D:5)
  4 scorpions
  2 hounds
  A gnoll bouda (D:7)
  2 jellies
  7 orc priests
  4 iguanas
  7 orc wizards
  4 gnolls (D:7)
  5 adders
  A shadow imp (D:7)
  2 white imps
  An ufetubus (D:6)
  2 worms
  2 dart slugs
  26 orcs
  6 ball pythons
  7 bats
  4 endoplasms
  A giant cockroach (D:1)
  6 goblins
  4 hobgoblins
  7 quokkas
  3 frilled lizards
  17 kobolds
  11 rats
153 creatures vanquished.

Notes
Turn   | Place    | Note
-------+----------+-------------------------------------------
     0 | D:1      | cforsyth the Ghoul Monk began the quest for the Orb.
     0 | D:1      | Reached XP level 1. HP: 19/19 MP: 0/0
   105 | D:1      | Reached XP level 2. HP: 23/26 MP: 1/1
   190 | D:1      | Found a faded altar of an unknown god.
   474 | D:1      | Reached XP level 3. HP: 32/33 MP: 2/2
   922 | D:2      | Found a broken altar of Ashenzari.
  1135 | D:2      | Reached XP level 4. HP: 41/41 MP: 3/3
  1166 | D:2      | Noticed a scorpion
  1179 | D:2      | Killed a scorpion
  1180 | D:2      | Reached XP level 5. HP: 26/47 MP: 4/4
  1340 | D:2      | Reached skill level 5 in Unarmed Combat
  1632 | D:3      | Reached skill level 5 in Fighting
  1948 | D:3      | Found an opulent altar of Gozag.
  2110 | D:4      | Identified the +2 scale mail of Sloth {Str+2 Slay+2}
  2268 | D:4      | Reached XP level 6. HP: 50/56 MP: 5/5
  2528 | D:4      | Found a shimmering altar of Xom.
  2653 | D:4      | Reached XP level 7. HP: 62/64 MP: 6/6
  2843 | D:5      | Entered Level 5 of the Dungeon
  2843 | D:5      | Found a blossoming altar of Fedhas.
  3075 | D:5      | Reached XP level 8. HP: 70/73 MP: 7/7
  3469 | D:5      | Found a sacrificial altar of Ru.
  3474 | D:5      | Noticed Blork the orc
  3482 | D:5      | Killed Blork the orc
  3635 | D:6      | Found a staircase to the Ecumenical Temple.
  3734 | Temple   | Entered the Ecumenical Temple
  3909 | D:5      | Became a worshipper of Ru the Awakened
  3935 | D:6      | Gained mutation: You are somewhat unskilled. (-1 Apt) [Ru
                  | sacrifice]
  3935 | D:6      | Reached * piety under Ru
  3997 | D:6      | Noticed a vampire
  4041 | D:6      | Killed a vampire
  4376 | D:6      | Reached XP level 9. HP: 82/82 MP: 8/8
  5038 | D:7      | Reached skill level 1 in Armour
  5058 | D:7      | Noticed a hornet
  5067 | D:7      | Killed a hornet
  5451 | D:7      | Noticed a hornet
  5457 | D:7      | Killed a hornet
  5709 | D:8      | Found Ikowazount's Magic Scroll Boutique.
  5754 | D:8      | Bought a scroll of blinking for 90 gold pieces
  5754 | D:8      | Bought a scroll of noise for 12 gold pieces
  5754 | D:8      | Bought a scroll of magic mapping for 90 gold pieces
  6383 | D:8      | Slain by an acid dragon

Illustrated notes

Levels and vault maps discovered:
D:1:      ncdulo_smallfort, layout_loops_cross, dreamdust_ecumenical_altar_grove
D:2:      layout_basic, basic_altar, serial_glass, glass_columns_c,
          glass_columns_c, grunt_ministairs_8
D:3:      layout_rooms, grunt_temple_overflow_gold_and_silver
D:4:      layout_loops_ring, mainiacjoe_overflow_surrounded_room
D:5:      layout_loops_ring, general_overflow_altar, kennysheep_mini_moat,
          uniq_blork_the_orc
D:6:      layout_basic, minmay_temple_entry_gardened_gates
D:7:      layout_cave_pods
D:8:      layout_loops_cross, chequers_temple_overflow_statue_of_worship,
          lair_entry_dummy, serial_shops, shop
Temple:   nicolae_temple_figure_zero

Skill      XL: |  1  2  3  4  5  6  7  8  9 |
---------------+----------------------------+-----
Fighting       | 4 5 6 7 8 9 |  9.5
Unarmed Combat | 4 5 6 7 8 9 |  9.5
Armour         | 2 |  2.5
Dodging        | |  2.4
Stealth        | |  2.0

Action                   |  1- 3 |  4- 6 |  7- 9 || total
-------------------------+-------+-------+-------++-------
Melee: Unarmed           |    92 |   110 |   243 ||   445
       Punch             |     2 |     3 |    10 ||    15
Invok: Sacrifice Skill   |       |       |     1 ||     1
  Use: Scroll            |       |       |     9 ||     9
 Stab: Sleeping          |    10 |       |       ||    10
Armor: Robe              |    16 |       |       ||    16
       Scale mail        |       |    56 |    68 ||   124
Dodge: Dodged            |    52 |    38 |    89 ||   179

Table legend: (Time is in decaauts)
 A = Elapsed time spent in this place.
 B = Non-inter-level travel time spent in this place.
 C = Inter-level travel time spent in this place.
 D = Time resting spent in this place.
 E = Time spent auto-exploring this place.
 F = Levels seen in this place.
 G = Mean time per level.
                   A        B        C        D        E       F      G
               +--------+--------+--------+--------+--------+-----+--------+
         Total |   6333 |   6060 |    273 |    725 |   4370 |   9 |  703.7 |
       Dungeon |   6209 |   5947 |    262 |    725 |   4258 |   8 |  776.1 |
        Temple |    123 |    113 |     10 |      0 |    112 |   1 |  123.0 |
               +--------+--------+--------+--------+--------+-----+--------+

Top non-repeatable levels by time:
     D:7: 1465 daAuts
     D:6: 957 daAuts
     D:2: 864 daAuts
     D:4: 827 daAuts
     D:5: 777 daAuts
     D:1: 728 daAuts
     D:3: 404 daAuts
     D:8: 184 daAuts
  Temple: 123 daAuts
